 Dungeon Crawl Stone Soup version 0.28-a0-413-gde365fb1df (webtiles) character file.

Game seed: 7045556181449898660

36 heikuro the Shield-Bearer (level 3, -5/29 HPs)
             Began as a Formicid Fighter on Sept 8, 2021.
             Was a Follower of Cheibriados.
             Splashed by a jelly's acid (9 damage)
             ... on level 3 of the Dungeon.
             The game lasted 00:02:12 (1104 turns).

heikuro the Shield-Bearer (Formicid Fighter)        Turns: 1104, Time: 00:02:13

Health: -5/29      AC:  1    Str: 24    XL:     3   Next: 57%
Magic:  3/3        EV:  6    Int: 10    God:    Cheibriados [*.....]
Gold:   70         SH:  9    Dex: 13    Spells: 2/2 levels left

rFire   . . .      SeeInvis +   j - +1 dagger (venom)
rCold   . . .      Faith    .   h - +0 kite shield
rNeg    . . .      Spirit   .   f - +0 chain mail
rPois   .          Reflect  .   (helmet unavailable)
rElec   .          Harm     .   (no cloak)
rCorr   .          Rampage  .   (no gloves)
Will    .....                   (no boots)
Stlth   ..........              (no amulet)
HPRegen 0.09/turn               n - ring of flight
MPRegen 0.08/turn               (no ring)

@: corroded, flying, very slow
A: permanent stasis, dig shafts and tunnels, antennae 3, four strong arms
a: Dig, Shaft Self, Renounce Religion, Bend Time


You were on level 3 of the Dungeon.
You worshipped Cheibriados.
Cheibriados was aware of your devotion.
You visited 1 branch of the dungeon, and saw 4 of its levels.

You collected 70 gold pieces.

Inventory:

Hand Weapons
 a - a +0 long sword
 j - a +1 dagger of venom (weapon)
 l - a +2 short sword of electrocution
Missiles
 e - 2 javelins
 g - 15 poisoned darts
Armour
 f - a +0 chain mail (worn)
 h - a +0 kite shield (worn)
Jewellery
 n - a ring of flight (left hand)
Scrolls
 m - a scroll of magic mapping {unknown}
Potions
 b - a potion of flight
 c - a potion of curing
 d - a potion of might
 i - a potion of attraction {unknown}
 o - a potion of heal wounds {unknown}


   Skills:
 + Level 3.6 Fighting
 * Level 2.7 Long Blades
 + Level 3.6 Armour
 + Level 4.0 Shields


You had 2 spell levels left.
You didn't know any spells.
Your spell library was empty.

Dungeon Overview and Level Annotations

Branches:
Dungeon (4/15)
 Temple: D:4-7

Altars:
Cheibriados


Innate Abilities, Weirdness & Mutations

You cannot be hasted, slowed, berserked, paralysed or teleported.
You can dig through walls and to a lower floor.
You have a pair of large antennae on your head. (SInv)
Your four strong arms can wield two-handed weapons with a shield.


Message History

The dart slug is moderately wounded.
You block the dart slug's attack.
A dart slug is nearby!
You barely miss the dart slug.
The dart slug is almost dead.
You kill the dart slug!
Cheibriados appreciates the change of pace.
You see here a dart slug corpse.
You sense a monster nearby.
Found 30 arrows.
k - 2 scrolls labelled CIAWNUPTUSTA (gained 1)
As you read the scroll labelled CIAWNUPTUSTA, it crumbles to dust.
It is a scroll of identify.
b - a potion of flight
As you read the scroll of identify, it crumbles to dust.
c - a potion of curing A jelly comes into view.
The jelly quivers.
You hit the jelly. The acid corrodes you!
Your hands burn!
The jelly is moderately wounded.
The jelly hits you.
You are splashed with acid.
You hit the jelly but do no damage.
Your hands burn!
The jelly is moderately wounded.
You block the jelly's attack.
You hit the jelly but do no damage.
Your hands burn!
The jelly is moderately wounded.
The jelly barely misses you.
You hit the jelly.
Your hands burn!
The jelly is moderately wounded.
The jelly hits you but does no damage.
You hit the jelly. The acid corrodes you!
Your hands burn!
The jelly is heavily wounded.
The jelly hits you.
You are splashed with acid!
* * * LOW HITPOINT WARNING * * *
You are too injured to fight recklessly!
You are too injured to fight recklessly!
The jelly hits you.
* * * LOW HITPOINT WARNING * * *
You are splashed with acid!
You die...

.......'..+.............
.##....####.†...........
###########.............
#................
#......##########
#......##.......#
+.##...##.......#
+.##...##.......+
{##.......@J.....#
#..........(...#
#...............#
#...#########..... .....
##### #..... ...... ...


You could see a jelly.

Vanquished Creatures
  An adder (D:4)
  A dart slug (D:3)
  2 bats
  3 endoplasms
  4 goblins
  4 hobgoblins
  A kobold (D:1)
  A quokka (D:2)
  A ball python (D:1)
  A frilled lizard (D:1)
  3 rats
22 creatures vanquished.

Vanquished Creatures (others)
  2 fungi (D:1)
2 creatures vanquished.

Grand Total: 24 creatures vanquished

Notes
Turn   | Place    | Note
-------+----------+-------------------------------------------
     0 | D:1      | heikuro the Formicid Fighter began the quest for the Orb.
     0 | D:1      | Reached XP level 1. HP: 18/18 MP: 1/1
   406 | D:1      | Reached XP level 2. HP: 15/24 MP: 2/2
   675 | D:1      | Found a faded altar of an unknown god.
   687 | D:1      | Became a worshipper of Cheibriados the Contemplative
   687 | D:1      | Reached * piety under Cheibriados
   788 | D:1      | You fall into a shaft and drop 1 floor!
   858 | D:2      | Reached XP level 3. HP: 29/29 MP: 3/3
   865 | D:2      | You fall into a shaft and drop 2 floors!
  1004 | D:3      | Reached skill level 4 in Shields
  1104 | D:3      | Splashed by a jelly's acid

Illustrated notes

Levels and vault maps discovered:
D:1:      tarquinn_simple_flora_water_a, layout_basic,
          shapermc_ecumenical_altar_ellora
D:2:      layout_basic, minmay_indecisive_spiral
D:3:      layout_basic, fedhas_altar_4, lemuel_round_altar,
          kennysheep_generic_room_4
D:4:      layout_loops_ring, minmay_temple_entry_mini_moons

Skill      XL: |  1  2  3 |
---------------+----------+-----
Shields        | 4 |  4.0
Fighting       | |  3.6
Long Blades    | |  2.7
Armour         | |  3.6

Action                   || total
-------------------------++-------
Melee: Long sword        ||    23
       Dagger            ||    34
       Short sword       ||     7
 Abil: Dig               ||     2
  Use: Scroll            ||     3
Armor: Chain mail        ||    25
Dodge: Dodged            ||    12
Block: Buckler           ||     5
       Kite shield       ||    20

Table legend: (Time is in decaauts)
 A = Elapsed time spent in this place.
 B = Non-inter-level travel time spent in this place.
 C = Inter-level travel time spent in this place.
 D = Time resting spent in this place.
 E = Time spent auto-exploring this place.
 F = Levels seen in this place.
 G = Mean time per level.
                   A        B        C        D        E       F      G
               +--------+--------+--------+--------+--------+-----+--------+
         Total |   1211 |   1187 |     24 |    171 |    649 |   4 |  302.8 |
       Dungeon |   1211 |   1187 |     24 |    171 |    649 |   4 |  302.8 |
               +--------+--------+--------+--------+--------+-----+--------+

Top non-repeatable levels by time:
     D:1: 831 daAuts
     D:4: 153 daAuts
     D:3: 124 daAuts
     D:2: 101 daAuts
